 Dungeon Crawl Stone Soup version 0.31-a0-1-g4198be8af4 (webtiles) character file.

Game seed: 7456493176947520361

501 retardedninja the Firebug (level 7, -4/51 HPs)
             Began as a Gnoll Fire Elementalist on May 2, 2023.
             Slain by a sky beast (6 damage)
             ... on level 4 of the Dungeon.
             The game lasted 00:06:01 (4731 turns).

retardedninja the Firebug (Gnoll Fire Elementalist) Turns: 4731, Time: 00:06:02

Health: -4/51      AC:  3    Str:  8    XL:     7   Next: 17%
Magic:  19/24      EV: 13    Int: 16    God:
Gold:   138        SH:  0    Dex: 12    Spells: 7/17 levels left

rFire   . . .        u - +1 mace (pain)
rCold   . . .        (no shield)
rNeg    . . .        a - +0 robe
rPois   .            (no helmet)
rElec   .            m - +0 cloak
rCorr   .            (no gloves)
SInv    .            (no boots)
Will    .....        (no amulet)
Stlth   +++          k - ring of magical power
HPRegen 0.28/turn    (no ring)
MPRegen 0.19/turn

%: no passive effects
@: no status effects
A: fangs 1, strong nose, distributed training
a: no special abilities


You were on level 4 of the Dungeon.
You visited 1 branch of the dungeon, and saw 4 of its levels.

You collected 138 gold pieces.

Inventory:

Hand Weapons
 u - a +1 mace of pain (weapon)
Armour
 a - a +0 robe (worn)
 m - a +0 cloak (worn)
Jewellery
 k - a ring of magical power (left hand)
 w - an amulet of regeneration
 x - a ring of wizardry
 y - a ring of flight
Wands
 o - a wand of acid (3)
Scrolls
 d - 3 scrolls of poison {unknown}
 e - a scroll of noise {unknown}
 h - 3 scrolls of teleportation
 n - 2 scrolls of immolation {unknown}
 p - a scroll of amnesia {unknown}
 t - 2 scrolls of identify
 v - a scroll of enchant armour {unknown}
Potions
 b - a potion of magic
 c - a potion of might {unknown}
 f - 6 potions of cancellation
 g - a potion of attraction
 i - a potion of haste {unknown}
 j - a potion of brilliance {unknown}
 l - a potion of heal wounds
 q - a potion of resistance
 r - a potion of mutation
 s - a potion of curing {unknown}
 z - a potion of ambrosia {unknown}


   Skills:
 + Level 2.4 Fighting
 + Level 2.4 Short Blades
 + Level 2.4 Long Blades
 + Level 2.4 Axes
 + Level 2.4 Maces & Flails
 + Level 2.4 Polearms
 + Level 2.4 Staves
 + Level 2.4 Ranged Weapons
 + Level 2.4 Throwing
 + Level 2.4 Armour
 + Level 5.2 Dodging
 + Level 4.8 Stealth
 + Level 2.4 Shields
 + Level 2.4 Unarmed Combat
 + Level 5.6 Spellcasting
 + Level 2.9 Conjurations
 + Level 2.0 Hexes
 + Level 2.0 Summonings
 + Level 2.0 Necromancy
 + Level 2.0 Translocations
 + Level 2.0 Transmutations
 + Level 5.8 Fire Magic
 + Level 2.0 Ice Magic
 + Level 2.0 Air Magic
 + Level 2.0 Earth Magic
 + Level 2.0 Poison Magic
 + Level 2.6 Invocations
 + Level 2.4 Evocations


You had 7 spell levels left.
You knew the following spells:

 Your Spells              Type           Power      Damage    Failure   Level
a - Foxfire               Conj/Fire      72%        2x1d7     2%          1
b - Scorch                Fire           46%        2d7       1%          2
c - Flame Wave            Conj/Fire      18%        2d7       24%         4
d - Inner Flame           Hex/Fire       17%        N/A       9%          3

Your spell library contained the following spells:

 Spells                   Type           Power      Damage    Failure   Level
 Freeze                   Ice            40%        1d6       6%          1
 Volatile Blastmotes      Fire/Tloc      34%        2d12      9%          3
 Hailstorm                Conj/Ice       12%        3d5       16%         3
 Frozen Ramparts          Ice            20%        1d4       19%         3


Dungeon Overview and Level Annotations

Branches:
Dungeon (4/15)
 Temple: D:4-7

Altars:
Makhleb


Innate Abilities, Weirdness & Mutations

You have very sharp teeth.
Your uncanny sense of smell can sniff out nearby items.
Your experience applies equally to all skills.


Message History

Deactivating autopickup; reactivate with Ctrl-A.
The foxfire hits something.
You conjure some foxfire!
A sky beast appears from thin air!
Reactivating autopickup.
The foxfire hits the sky beast but does no damage.
The sky beast is moderately wounded.
The foxfire hits the sky beast.
The sky beast is moderately wounded.
The sky beast flickers out of sight!
Deactivating autopickup; reactivate with Ctrl-A.
Something hits you. Something shocks you. Something barely misses you.
Unknown command.
You conjure some foxfire!
Something barely misses you.
The foxfire hits something. x2; Something hits you.
Something shocks you.
You are too injured to fight recklessly!
Something hits you but does no damage.
You conjure some foxfire!
Something hits you. Something shocks you.
The foxfire hits something but does no damage.
The foxfire hits something.
Something hits you. Something shocks you.
Unknown command.
Unknown command.
Something hits you but does no damage.
Casting: Foxfire (safe; 2% risk of failure)
Press: ? - help, Q - select action, (/) - cycle Dir - look around, f - activate You conjure some foxfire!
Something hits you. Something shocks you.
* * * LOW HITPOINT WARNING * * *
The foxfire hits something but does no damage. x2
Something hits you.
* * * LOW HITPOINT WARNING * * *
Something shocks you.
* * * LOW HITPOINT WARNING * * *
Casting: Foxfire (safe; 2% risk of failure)
Press: ? - help, Q - select action, (/) - cycle Dir - look around, f - activate You conjure some foxfire!
Something hits you.
* * * LOW HITPOINT WARNING * * *
Something shocks you.
You die...

#.......#.######...# #......
#.....#.#..........# #......
##.##...#..........######......
#' #####......................
.. #....##............. ...
#................... ...
#...................
#####..{....##..##......
..†...v@....###.##......
......v.§...# #..#####..
.........#### ##.### #..
########## #...# #.. ###.###..
########...#.. #...........##
#............# #.........)...


There were no monsters in sight!

Vanquished Creatures
  An ogre (D:4)
  2 jellies (D:4)
  A hound (D:4)
  An orc priest (D:4)
  4 iguanas (D:4)
  An orc wizard (D:4)
  7 adders
  A worm (D:2)
  2 dart slugs (D:4)
  14 orcs
  4 endoplasms
  4 giant cockroaches
  4 goblins
  9 hobgoblins
  6 jackals
  3 quokkas
  4 ball pythons
  5 bats
  5 frilled lizards
  7 kobolds
  5 rats
90 creatures vanquished.

Vanquished Creatures (others)
  333 foxfires
333 creatures vanquished.

Grand Total: 423 creatures vanquished

Notes
Turn   | Place    | Note
-------+----------+-------------------------------------------
     0 | D:1      | retardedninja the Gnoll Fire Elementalist began the quest
                  | for the Orb.
     0 | D:1      | Reached XP level 1. HP: 13/13 MP: 6/6
   366 | D:1      | Reached XP level 2. HP: 19/19 MP: 5/7
  1132 | D:1      | Learned a level 2 spell: Scorch
  1135 | D:2      | Reached skill level 5 in Spellcasting
  1135 | D:2      | Reached XP level 3. HP: 23/25 MP: 4/9
  1265 | D:2      | Reached skill level 1 in Invocations
  1764 | D:2      | Found a burning altar of Makhleb.
  1786 | D:2      | Reached skill level 1 in Fighting
  1786 | D:2      | Reached skill level 1 in Short Blades
  1786 | D:2      | Reached skill level 1 in Long Blades
  1786 | D:2      | Reached skill level 1 in Axes
  1786 | D:2      | Reached skill level 1 in Maces & Flails
  1786 | D:2      | Reached skill level 1 in Polearms
  1786 | D:2      | Reached skill level 1 in Staves
  1786 | D:2      | Reached skill level 1 in Ranged Weapons
  1786 | D:2      | Reached skill level 1 in Throwing
  1786 | D:2      | Reached skill level 1 in Armour
  1786 | D:2      | Reached skill level 1 in Shields
  1786 | D:2      | Reached skill level 1 in Unarmed Combat
  1786 | D:2      | Reached skill level 1 in Evocations
  2214 | D:3      | Reached XP level 4. HP: 32/32 MP: 11/11
  2273 | D:3      | Reached skill level 1 in Hexes
  2273 | D:3      | Reached skill level 1 in Summonings
  2273 | D:3      | Reached skill level 1 in Necromancy
  2273 | D:3      | Reached skill level 1 in Translocations
  2273 | D:3      | Reached skill level 1 in Transmutations
  2273 | D:3      | Reached skill level 1 in Ice Magic
  2273 | D:3      | Reached skill level 1 in Air Magic
  2273 | D:3      | Reached skill level 1 in Earth Magic
  2273 | D:3      | Reached skill level 1 in Poison Magic
  3047 | D:4      | Learned a level 4 spell: Flame Wave
  3051 | D:4      | Learned a level 3 spell: Inner Flame
  3128 | D:4      | Noticed an ogre
  3131 | D:4      | Killed an ogre
  3132 | D:4      | Reached XP level 5. HP: 38/38 MP: 12/12
  3359 | D:4      | Reached XP level 6. HP: 42/44 MP: 14/14
  3416 | D:4      | Reached skill level 5 in Dodging
  4325 | D:4      | Reached XP level 7. HP: 37/51 MP: 10/15
  4337 | D:4      | Identified the +7 dagger of Hacking and Slashing {freeze,
                  | rN+ Dex+5}
  4731 | D:4      | HP: 2/51 [something (4)]
  4731 | D:4      | Slain by a sky beast

Illustrated notes

Levels and vault maps discovered:
D:1:      minmay_arrival_open_corners, layout_basic
D:2:      layout_loops_ring, basic_altar
D:3:      layout_loops_ring, kennysheep_cross_room,
          nicolae_concentric_dashed_squares_wild, minmay_shallow_snake_nest
D:4:      minmay_bubble_buster, layout_basic

Skill      XL: |  1  2  3  4  5  6  7 |
---------------+----------------------+-----
Conjurations   | 2 |  2.9
Spellcasting   | 5 |  5.6
Invocations    | 1 2 |  2.6
Fighting       | 1 2 |  2.4
Short Blades   | 1 2 |  2.4
Long Blades    | 1 2 |  2.4
Axes           | 1 2 |  2.4
Maces & Flails | 1 2 |  2.4
Polearms       | 1 2 |  2.4
Staves         | 1 2 |  2.4
Ranged Weapons | 1 2 |  2.4
Throwing       | 1 2 |  2.4
Armour         | 1 2 |  2.4
Shields        | 1 2 |  2.4
Unarmed Combat | 1 2 |  2.4
Evocations     | 1 2 |  2.4
Hexes          | 1 2 |  2.0
Summonings     | 1 2 |  2.0
Necromancy     | 1 2 |  2.0
Translocations | 1 2 |  2.0
Transmutations | 1 2 |  2.0
Ice Magic      | 1 2 |  2.0
Air Magic      | 1 2 |  2.0
Earth Magic    | 1 2 |  2.0
Poison Magic   | 1 2 |  2.0
Dodging        | 5 |  5.2
Stealth        | |  4.8
Fire Magic     | |  5.8

Action                     |  1- 3 |  4- 6 |  7- 9 || total
---------------------------+-------+-------+-------++-------
  Melee: Unarmed           |    19 |       |       ||    19
         Bite              |     1 |       |     1 ||     2
         Mace              |       |     2 |     6 ||     8
   Cast: Foxfire           |    93 |   100 |    16 ||   209
         Scorch            |     5 |    13 |     2 ||    20
  Evoke: Wand              |       |     5 |       ||     5
    Use: Potion            |     1 |       |       ||     1
         Scroll            |       |     6 |       ||     6
 Armour: Robe              |    16 |    11 |     5 ||    32
  Dodge: Dodged            |    62 |    31 |     8 ||   101

Table legend: (Time is in decaauts)
 A = Elapsed time spent in this place.
 B = Non-inter-level travel time spent in this place.
 C = Inter-level travel time spent in this place.
 D = Time resting spent in this place.
 E = Time spent auto-exploring this place.
 F = Levels seen in this place.
 G = Mean time per level.
                   A        B        C        D        E       F      G
               +--------+--------+--------+--------+--------+-----+--------+
         Total |   4732 |   4644 |     88 |    653 |   3121 |   4 | 1183.0 |
       Dungeon |   4732 |   4644 |     88 |    653 |   3121 |   4 | 1183.0 |
               +--------+--------+--------+--------+--------+-----+--------+

Top non-repeatable levels by time:
     D:4: 1703 daAuts
     D:1: 1126 daAuts
     D:3: 1008 daAuts
     D:2: 893 daAuts
